 Dungeon Crawl Stone Soup version 0.28-a0-620-g539b0f7ac7 (webtiles) character file.

Game seed: 17115455393472809652

14547 Spaninq the Thaumaturge (level 11, 0/64 HPs)
             Began as a Deep Elf Fire Elementalist on Oct 6, 2021.
             Was an Elder of Vehumet.
             Slain by a boulder beetle (57 damage)
             ... on level 11 of the Dungeon.
             The game lasted 00:41:50 (16807 turns).

Spaninq the Thaumaturge (DEFE)                     Turns: 16807, Time: 00:41:52

Health: 0/64       AC:  5    Str:  5    XL:     11   Next: 90%
Magic:  17/29      EV: 12    Int: 24    God:    Vehumet [****..]
Gold:   579        SH:  0    Dex: 15    Spells: 12/35 levels left

rFire   . . .      SeeInvis .   w - +4 dagger (venom)
rCold   . . .      Faith    .   (no shield)
rNeg    + . .      Spirit   .   n - +1 robe {rN+}
rPois   .          Reflect  .   f - +1 hat
rElec   .          Harm     .   l - +0 cloak
rCorr   .          Rampage  .   (no gloves)
Will    +....                   (no boots)
Stlth   ++........              (no amulet)
HPRegen 0.20/turn               (no ring)
MPRegen 0.21/turn               (no ring)

@: no status effects
A: no striking features
a: Renounce Religion


You were on level 11 of the Dungeon.
You worshipped Vehumet.
Vehumet was greatly pleased with you.
You visited 2 branches of the dungeon, and saw 12 of its levels.

You collected 579 gold pieces.

Inventory:

Hand Weapons
 j - a +0 war axe of flaming
 w - a +4 dagger of venom (weapon)
Missiles
 o - 434 stones
Armour
 f - a +1 hat (worn)
 l - a +0 cloak (worn)
 n - a +1 robe of positive energy (worn)
Jewellery
 x - a ring of magical power
Wands
 a - a wand of flame (22)
 i - a wand of polymorph (9)
 m - a wand of mindburst (9)
 s - a wand of iceblast (14)
 v - a wand of charming (19)
Scrolls
 b - a scroll of amnesia
 d - 3 scrolls of fear
 h - 2 scrolls of teleportation
 k - a scroll of enchant armour
 p - a scroll of fog
 u - a scroll of magic mapping
Potions
 c - 3 potions of lignification
 e - a potion of haste
 g - a potion of invisibility
 q - a potion of mutation {unknown}
 r - a potion of heal wounds
 t - a potion of brilliance


   Skills:
 + Level 5.6 Fighting
 - Level 2.4 Dodging
 - Level 2.4 Stealth
 * Level 12.8 Spellcasting
 * Level 10.6 Conjurations
 + Level 9.2 Fire Magic
 * Level 9.7 Earth Magic
 + Level 2.4 Evocations


You had 12 spell levels left.
You knew the following spells:

 Your Spells              Type           Power      Damage    Failure   Level
a - Foxfire               Conj/Fire      100%       2x1d9     1%          1
b - Scorch                Fire           100%       2d10      1%          2
c - Flame Wave            Conj/Fire      59%        3d11      1%          4
d - Sandblast             Erth           100%       2d20      1%          1
e - Searing Ray           Conj           100%       2d8       1%          2
f - Stone Arrow           Conj/Erth      100%       3d13      1%          3
g - Lee's Rapid Deconstr  Erth           29%        3d16*     1%          5
h - Fireball              Conj/Fire      29%        3d13      1%          5

Your spell library contained the following spells:

 Spells                   Type           Power      Damage    Failure   Level
 Dazzling Flash           Conj/Hex       82%        N/A       1%          3
 Conjure Flame            Conj/Fire      59%        6-21      1%          3
 Inner Flame              Hex/Fire       37%        N/A       1%          3
 Fulminant Prism          Conj/Hex       20%        3d13      1%          4
 Iskenderun's Mystic Bla  Conj/Tloc      41%        2d9       1%          4
 Iskenderun's Battlesphe  Conj           61%        2d11      1%          5
 Beastly Appendage        Tmut           30%        N/A       4%          1
 Summon Small Mammal      Summ           60%        N/A       4%          1
 Wereblood                Tmut           15%        N/A       6%          2
 Orb of Destruction       Conj           30%        9d12      11%         7
 Call Canine Familiar     Summ           15%        N/A       12%         3
 Spider Form              Tmut/Pois      7%         N/A       12%         3
 Summon Guardian Golem    Hex/Summ       15%        N/A       12%         3
 Tukima's Dance           Hex            15%        N/A       12%         3
 Conjure Ball Lightning   Conj/Air       20%        3x3d6     17%         6
 Yara's Violent Unravell  Hex/Tmut       7%         3d5       28%         5
 Passage of Golubria      Tloc           N/A        N/A       36%         4


Dungeon Overview and Level Annotations

Branches:
Dungeon (11/15)            Temple (1/1) D:4            Lair (0/6) D:8
    Orc (0/2) D:11

Altars:
Ashenzari
Cheibriados
Dithmenos
Elyvilon
Fedhas
Gozag
Hepliaklqana
Kikubaaqudgha
Makhleb
Nemelex Xobeh
Okawaru
Qazlal
Ru
Sif Muna
Trog
Uskayaw
Vehumet
Wu Jian
Xom
Yredelemnul
Zin
The Shining One

Shops:
D:4 *   D:6 !   D:9 *


Message History

A two-headed ogre comes into view.
It is wielding a +0 giant spiked club and a +0 giant club.
Casting: Flame Wave (safe; 1% risk of failure)
Confirm with . or Enter, or press ? or * to list all spells.
Flames lash the two-headed ogre.
The two-headed ogre is lightly wounded.
The two-headed ogre's fire resistance burns away.
Casting: Scorch (safe; 1% risk of failure)
Confirm with . or Enter, or press ? or * to list all spells.
Flames lash the two-headed ogre.
The two-headed ogre is burned terribly!
The two-headed ogre is moderately wounded.
A boulder beetle comes into view.
Casting: Scorch (safe; 1% risk of failure)
Confirm with . or Enter, or press ? or * to list all spells.
Flames lash the two-headed ogre.
The two-headed ogre is burned terribly!
The two-headed ogre is heavily wounded.
The two-headed ogre closely misses you.
The two-headed ogre hits you with a +0 giant club!
Casting: Scorch (safe; 1% risk of failure)
Confirm with . or Enter, or press ? or * to list all spells.
Flames lash the two-headed ogre.
The two-headed ogre is burned terribly!
The two-headed ogre is almost dead.
The two-headed ogre is no longer more vulnerable to fire.
The boulder beetle curls into a ball and begins rolling!
Casting: Scorch (safe; 1% risk of failure)
Confirm with . or Enter, or press ? or * to list all spells.
Flames lash the two-headed ogre.
You kill the two-headed ogre!
Vehumet accepts your kill.
You feel your power returning.
Casting: Scorch (safe; 1% risk of failure)
Confirm with . or Enter, or press ? or * to list all spells.
Flames lash the boulder beetle but do no damage.
Casting: Scorch (safe; 1% risk of failure)
Confirm with . or Enter, or press ? or * to list all spells.
Flames lash the boulder beetle.
The boulder beetle is lightly wounded.
The boulder beetle's fire resistance burns away.
The boulder beetle hits you!!!
Ouch! That really hurt!
You die...

#.........# #.#######.#
#.# #.# #.# #.##### #.#
###.....#
###+##'#####.......##
####....................
........................
##...B@...........###..
.....○####..............
....°# #..............
...°. #.............#
.... ............... ..
...##.##.####.. .
.......... ##'####.#
...#


You could see a boulder beetle (rolling, combustible).

Vanquished Creatures
  Harold (D:11)
  Erica (D:11)
  3 two-headed ogres
  Pikel (D:7)
  A manticore (D:11)
  Maurice (D:11)
  6 gargoyles
  Maggie (D:7)
  2 vampires
  Sigmund (D:4)
  2 shadows
  A wyvern (D:9)
  9 yaks
  5 humans (D:6)
  2 wargs (D:8)
  An acid dragon (D:11)
  2 ice beasts (D:5)
  2 necrophages
  3 orc warriors
  A sky beast (D:7)
  A black bear (D:6)
  An ogre (D:7)
  5 centaurs
  A phantom (D:4)
  4 kobold brigands
  3 bullfrogs
  A gnoll sergeant (D:7)
  2 water moccasin zombies
  A wyvern skeleton (D:6)
  17 wights
  6 killer bees (D:9)
  2 vampire bats (D:8)
  A howler monkey (D:8)
  2 electric eels (D:11)
  A crimson imp (D:3)
  6 centaur zombies
  5 orc priests
  A centaur skeleton (D:5)
  4 hounds
  4 jellies
  Crazy Yiuf (D:7)
  A bullfrog skeleton (D:6)
  An iguana (D:6)
  16 orc wizards
  A killer bee zombie (D:7)
  A hound skeleton (D:4)
  5 gnolls (D:7)
  6 adders
  A howler monkey skeleton (D:5)
  A shadow imp (D:7)
  A white imp (D:7)
  2 ufetubi
  2 worms
  5 dart slugs
  50 orcs
  A bat skeleton (D:8)
  5 bat zombies (D:8)
  6 endoplasms
  5 goblins
  3 hobgoblins
  A quokka (D:4)
  2 ball pythons
  5 bats
  2 frilled lizards
  25 kobolds
  6 rats
269 creatures vanquished.

Vanquished Creatures (collateral kills)
  5 foxfires
5 creatures vanquished.

Vanquished Creatures (others)
  50 foxfires
  5 fungi (D:5)
  4 plants (D:5)
59 creatures vanquished.

Grand Total: 333 creatures vanquished

Notes
Turn   | Place    | Note
-------+----------+-------------------------------------------
     0 | D:1      | Spaninq the Deep Elf Fire Elementalist began the quest for
                  | the Orb.
     0 | D:1      | Reached XP level 1. HP: 10/10 MP: 6/6
   235 | D:1      | Found a faded altar of an unknown god.
   255 | D:1      | Reached XP level 2. HP: 12/15 MP: 2/8
   954 | D:2      | Learned a level 2 spell: Scorch
  1795 | D:3      | Reached XP level 3. HP: 20/20 MP: 5/10
  1989 | D:3      | Reached skill level 4 in Spellcasting
  2406 | D:3      | Reached XP level 4. HP: 23/24 MP: 4/12
  2447 | D:3      | Reached skill level 1 in Fighting
  2734 | D:3      | Found a radiant altar of Vehumet.
  2735 | D:3      | Found a burning altar of Makhleb.
  3312 | D:3      | Became a worshipper of Vehumet
  3587 | D:4      | Noticed Sigmund
  3762 | D:4      | Reached XP level 5. HP: 29/29 MP: 8/13
  3958 | D:4      | Killed Sigmund
  3959 | D:4      | Reached skill level 5 in Spellcasting
  3959 | D:4      | Reached XP level 6. HP: 35/35 MP: 6/16
  4082 | D:4      | Reached skill level 5 in Fire Magic
  4244 | D:4      | Reached * piety under Vehumet
  4244 | D:4      | Offered knowledge of Sandblast by Vehumet.
  4247 | D:4      | Learned a level 1 spell: Sandblast
  4478 | D:4      | Found Hosoqe's Assorted Antiques.
  4484 | D:4      | Reached skill level 6 in Spellcasting
  4484 | D:4      | Reached skill level 1 in Earth Magic
  4484 | D:4      | Reached XP level 7. HP: 29/40 MP: 6/18
  4587 | D:4      | Found a staircase to the Ecumenical Temple.
  4596 | Temple   | Entered the Ecumenical Temple
  5250 | D:5      | Entered Level 5 of the Dungeon
  5658 | D:5      | Found a stormy altar of Qazlal.
  5746 | D:5      | Found a blossoming altar of Fedhas.
  6263 | D:5      | Reached skill level 5 in Conjurations
  6387 | D:5      | Reached XP level 8. HP: 40/45 MP: 4/20
  6541 | D:5      | Reached skill level 7 in Spellcasting
  6664 | D:5      | Found a sacrificial altar of Ru.
  6664 | D:5      | Found an iron altar of Okawaru.
  7240 | D:6      | Learned a level 4 spell: Flame Wave
  7616 | D:6      | Offered knowledge of Searing Ray by Vehumet.
  7626 | D:6      | Reached ** piety under Vehumet
  7731 | D:5      | Learned a level 2 spell: Searing Ray
  7737 | D:6      | Reached skill level 8 in Spellcasting
  8013 | D:6      | Reached XP level 9. HP: 34/51 MP: 13/23
  8141 | D:6      | Found Weixt's Distillery.
  8153 | D:6      | Reached skill level 5 in Earth Magic
  8404 | D:6      | Reached skill level 9 in Spellcasting
  8570 | D:7      | Noticed Maggie
  8578 | D:7      | Killed Maggie
  9210 | D:7      | Noticed Pikel
  9475 | D:7      | Found a runed translucent door.
  9476 | D:7      | Noticed Crazy Yiuf
  9482 | D:7      | Killed Crazy Yiuf
  9675 | D:7      | Killed Pikel
  9675 | D:7      | Offered knowledge of Stone Arrow by Vehumet.
  9680 | D:7      | Learned a level 3 spell: Stone Arrow
  9932 | D:7      | Reached XP level 10. HP: 42/56 MP: 12/25
 10033 | D:7      | Found a glowing silver altar of Zin.
 10044 | D:7      | Reached skill level 10 in Spellcasting
 10077 | D:7      | Found a shimmering blue altar of Sif Muna.
 10188 | D:8      | Reached *** piety under Vehumet
 10277 | D:8      | Learned a level 5 spell: Lee's Rapid Deconstruction
 10459 | D:8      | Found a staircase to the Lair.
 10652 | D:8      | Found an ancient bone altar of Kikubaaqudgha.
 10728 | D:8      | Offered knowledge of Ignite Poison by Vehumet.
 10794 | D:8      | Learned a level 5 spell: Fireball
 11461 | D:8      | Noticed a gargoyle
 11462 | D:8      | Killed a gargoyle
 11463 | D:8      | Noticed a gargoyle
 11464 | D:8      | Killed a gargoyle
 11465 | D:8      | Noticed a gargoyle
 11466 | D:8      | Killed a gargoyle
 11466 | D:8      | Noticed a gargoyle
 11467 | D:8      | Killed a gargoyle
 11468 | D:8      | Reached skill level 11 in Spellcasting
 12453 | D:9      | Reached **** piety under Vehumet
 12796 | D:9      | Noticed a gargoyle
 12797 | D:9      | Killed a gargoyle
 12901 | D:9      | Found Heohuat's General Store.
 13157 | D:9      | Reached XP level 11. HP: 62/62 MP: 17/28
 13304 | D:9      | Offered knowledge of Dazzling Flash by Vehumet.
 13744 | D:10     | Entered Level 10 of the Dungeon
 13795 | D:10     | Reached skill level 5 in Fighting
 14405 | D:10     | Found a glowing golden altar of the Shining One.
 14442 | D:10     | Noticed a two-headed ogre
 14445 | D:10     | Killed a two-headed ogre
 14751 | D:10     | Reached skill level 12 in Spellcasting
 15146 | D:11     | Noticed a two-headed ogre
 15152 | D:11     | Killed a two-headed ogre
 15210 | D:11     | Found a staircase to the Orcish Mines.
 15223 | D:11     | Reached skill level 10 in Conjurations
 15370 | D:11     | Reached skill level 1 in Evocations
 15606 | D:11     | Noticed Erica
 15610 | D:11     | Killed Erica
 16240 | D:11     | Noticed Maurice
 16468 | D:11     | Killed Maurice
 16556 | D:11     | Noticed Harold
 16561 | D:11     | Killed Harold
 16562 | D:11     | Noticed a skeletal warrior
 16567 | D:11     | Noticed a skeletal warrior
 16568 | D:11     | Noticed a skeletal warrior
 16571 | D:11     | Noticed a skeletal warrior
 16579 | D:11     | Noticed a skeletal warrior
 16798 | D:11     | Noticed a two-headed ogre
 16802 | D:11     | Noticed a boulder beetle
 16805 | D:11     | Killed a two-headed ogre
 16807 | D:11     | Slain by a boulder beetle

Illustrated notes

Levels and vault maps discovered:
D:1:      amcnicky_arrival_feature_with_door, layout_rooms,
          hellmonk_ecumenical_altar_crossroads, serial_bayou_ford_a
D:2:      cheibrodos_old_hovel, layout_loops_ring, serial_bayou,
          serial_bayou_pond_e, serial_bayou_lake_a, serial_bayou_shore_b,
          serial_bayou_pond_c, minmay_split_cup_small
D:3:      layout_basic, grunt_temple_overflow_lords_of_destruction,
          minmay_fractal_squares_5
D:4:      layout_rooms, temple_statues, serial_shops, kennysheep_mini,
          uniq_sigmund
D:5:      layout_basic, grunt_temple_overflow_forces_of_nature,
          gammafunk_temple_overflow_elements
D:6:      layout_basic, serial_shops, nicolae_stop_n_shop_2, minmay_ruffians
D:7:      layout_loops_ring, mainiacjoe_overflow_swirl, uniq_pikel,
          uniq_crazy_yiuf_cottage, uniq_maggie
D:8:      cheibrodos_statue_roulette, layout_loops_corners,
          kennysheep_vampire_church, erik_lair_orcish_takeover,
          hangedman_decor_opposing
D:9:      layout_cave_pods, serial_shops, shop, minmay_stone_trees_medium
D:10:     layout_loops_corners, lemuel_round_altar
D:11:     layout_basic, uniq_maurice, uniq_harold, uniq_erica
Temple:   minmay_temple_forest_path

Skill      XL: |  1  2  3  4  5  6  7  8  9 10 11 |
---------------+----------------------------------+-----
Spellcasting   | 4 5 6 8 9 11 12 | 12.8
Conjurations   | 2 3 4 5 6 7 9 10 | 10.6
Fire Magic     | 4 5 6 7 8 9 |  9.2
Fighting       | 1 2 3 4 5 |  5.6
Earth Magic    | 1 3 4 6 8 9 |  9.7
Evocations     | 2 |  2.4
Dodging        | |  2.4
Stealth        | |  2.4

Action                   |  1- 3 |  4- 6 |  7- 9 | 10-12 || total
-------------------------+-------+-------+-------+-------++-------
Melee: Dagger            |     8 |       |     9 |       ||    17
 Cast: Foxfire           |    29 |       |       |       ||    29
       Scorch            |    24 |    56 |   142 |   134 ||   356
       Sandblast         |       |       |     2 |       ||     2
       Flame Wave        |       |       |    11 |     7 ||    18
       Searing Ray       |       |       |     1 |       ||     1
       Lee's Rapid Decon |       |       |       |    47 ||    47
       Stone Arrow       |       |       |       |    11 ||    11
       Fireball          |       |       |       |     9 ||     9
  Use: Scroll            |       |       |    15 |     6 ||    21
       Potion            |       |       |       |     4 ||     4
Armor: Robe              |     1 |     5 |    14 |    14 ||    34
Dodge: Dodged            |     9 |     5 |    44 |    42 ||   100

Table legend: (Time is in decaauts)
 A = Elapsed time spent in this place.
 B = Non-inter-level travel time spent in this place.
 C = Inter-level travel time spent in this place.
 D = Time resting spent in this place.
 E = Time spent auto-exploring this place.
 F = Levels seen in this place.
 G = Mean time per level.
                   A        B        C        D        E       F      G
               +--------+--------+--------+--------+--------+-----+--------+
         Total |  16841 |  15919 |    922 |   3551 |   9815 |  12 | 1403.4 |
       Dungeon |  16512 |  15631 |    881 |   3551 |   9540 |  11 | 1501.1 |
        Temple |    329 |    288 |     41 |      0 |    275 |   1 |  329.0 |
               +--------+--------+--------+--------+--------+-----+--------+

Top non-repeatable levels by time:
     D:8: 2341 daAuts
     D:5: 1980 daAuts
    D:10: 1903 daAuts
     D:3: 1687 daAuts
     D:7: 1427 daAuts
     D:6: 1345 daAuts
     D:4: 1308 daAuts
     D:2: 1281 daAuts
     D:9: 1233 daAuts
    D:11: 1164 daAuts
     D:1: 837 daAuts
  Temple: 329 daAuts
